 Dungeon Crawl Stone Soup version 0.26.1-11-gd32895ea62 (webtiles) character file.

Game seed: 924102854590745262

29614 infcreate the Unseen (level 13, 0/75 HPs)
             Began as a Vampire Enchanter on Apr 20, 2021.
             Was a High Priest of Dithmenos.
             Slain by a seven-headed hydra (8 damage)
             ... on level 3 of the Lair of Beasts.
             The game lasted 00:51:06 (18802 turns).

infcreate the Unseen (Vampire Enchanter)           Turns: 18802, Time: 00:51:07

Health: 0/75       AC: 13    Str: 13    XL:     13   Next: 16%
Magic:  12/23      EV: 21    Int: 19    God:    Dithmenos [*****.]
Gold:   972        SH:  0    Dex: 18    Spells: 10/26 levels left

rFire    . . .     SeeInvis +   t - +4 short sword
rCold    + + .     Faith    .   (no shield)
rNeg     + + +     Spirit   .   u - +4 steam dragon scales
rPois    ∞         Reflect  .   A - +2 helmet
rElec    .         Harm     .   (no cloak)
rCorr    .         Rampage  .   (no gloves)
Will     +....                  p - +0 pair of boots Stlth ***+++++++
                                (no amulet)
HPRegen  0.00/turn              S - +6 ring of strength
MPRegen  0.18/turn              (no ring)

@: bloodless, wreathed by umbra
A: fangs 3, see invisible, unbreathing
a: Bat Form, Revivify, Renounce Religion, Shadow Step, Shadow Form


You were on level 3 of the Lair of Beasts.
You worshipped Dithmenos.
Dithmenos was extremely pleased with you.
You visited 3 branches of the dungeon, and saw 15 of its levels.

You collected 972 gold pieces.


Innate Abilities, Weirdness & Mutations

You do not regenerate when monsters are visible.
You are frail without blood (-20% HP).
You can heal yourself when you bite living creatures.
You are immune to poison.
You have razor-sharp teeth.
You have supernaturally acute eyesight. (SInv)
You can survive without breathing.


   Skills:
 + Level 6.4 Fighting
 * Level 11.1 Short Blades
 * Level 11.3 Dodging
 * Level 15.4 Stealth
 + Level 7.0 Spellcasting
 * Level 14.4 Hexes


You had 10 spell levels left.
You knew the following spells:

 Your Spells              Type           Power        Failure   Level
c - Corona                Hex            63%          1%          1
d - Tukima's Dance        Hex            57%          1%          3
e - Ensorcelled Hibernat  Hex/Ice        68%          1%          2
f - Dazzling Flash        Conj/Hex       68%          1%          3
p - Fulminant Prism       Conj/Hex       17%          5%          4
t - Confusing Touch       Hex            57%          1%          3

Your spell library contained the following spells:

 Spells                   Type           Power        Failure   Level
 Summon Guardian Golem    Hex/Summ       34%          1%          3
 Animate Skeleton         Necr           12%          10%         1
 Apportation              Tloc           12%          10%         1
 Magic Dart               Conj           24%          10%         1
 Pain                     Necr           24%          10%         1
 Sting                    Tmut/Pois      24%          10%         1
 Summon Small Mammal      Summ           24%          10%         1
 Call Imp                 Summ           6%           16%         2
 Poisonous Vapours        Pois/Air       12%          16%         2
 Searing Ray              Conj           12%          16%         2
 Call Canine Familiar     Summ           6%           30%         3
 Ignite Poison            Fire/Tmut/Pois 6%           30%         3
 Mephitic Cloud           Conj/Pois/Air  6%           30%         3
 Vampiric Draining        Necr           3%           30%         3
 Animate Dead             Necr           3%           69%         4
 Iskenderun's Mystic Bla  Conj/Tloc      6%           69%         4
 Olgreb's Toxic Radiance  Pois           6%           69%         4
 Summon Ice Beast         Ice/Summ       6%           69%         4
 Summon Lightning Spire   Summ/Air       6%           69%         4
 Agony                    Necr           6%           95%         5

Inventory:

Hand Weapons
 t - a +4 short sword (weapon)
Armour
 p - a +0 pair of boots (worn)
 q - a +1 robe of resistance
 u - +4 steam dragon scales (worn)
 A - a +2 helmet (worn)
 B - a +2 robe of willpower
Magical Staves
 y - an uncursed staff of death {!a}
Jewellery
 S - a +6 ring of strength (left hand)
Wands
 a - a wand of random effects (21)
 g - a wand of acid (13)
 s - a wand of enslavement (10)
 w - a wand of flame (26)
 D - a wand of polymorph (9)
Scrolls
 b - 4 scrolls of remove curse {@r2}
 c - 11 scrolls of identify {@r1}
 l - 8 scrolls of teleportation {@r4}
 r - 3 scrolls of amnesia
 v - a scroll of immolation
 x - a scroll of fear
 F - a scroll of fog
Potions
 d - a potion of ambrosia {unknown}
 e - 2 potions of cancellation
 f - 2 potions of haste {unknown}
 h - 7 potions of curing {@q1}
 i - a potion of degeneration {unknown}
 j - 3 potions of brilliance
 k - 2 potions of berserk rage {unknown}
 m - a potion of attraction {unknown}
 n - 3 potions of heal wounds {@q2}
 o - 3 potions of flight
 z - a potion of magic {unknown}
 C - 2 potions of invisibility {unknown}
 E - a potion of mutation {unknown}

Dungeon Overview and Level Annotations

Branches:
Dungeon (11/15)            Temple (1/1) D:5            Lair (3/6) D:8
  Snake (0/4) Lair:2
  Swamp: Lair:2-4    Shoals: Lair:2-4       Orc: D:9-12

Altars:
Ashenzari
Cheibriados
Dithmenos
Elyvilon
Fedhas
Gozag
Hepliaklqana
Kikubaaqudgha
Makhleb
Nemelex Xobeh
Okawaru
Qazlal
Ru
Sif Muna
Trog
Uskayaw
Vehumet
Xom
Yredelemnul
Zin
The Shining One

Shops:
D:4 *

Portals:
Trove: D:11 (give 3 potions of resistance)

Annotations:
D:7 3 runed translucent doors, superiop's ghost, novice TrBe

##.....†........#P...#.##.
#....#........####.#######
##............#.##..#.###.
#...#.................###
#......................#.
#........................
#........................
#####...#..............>.....
#......†....@w>..............
#.#.....#...D[..............#
#.#♣....♣#...#.♣..........###
#>..♣♣♣♣♣♣♣..♣♣.#............
#..†.♣ ≈≈...♣♣#........#...
##...♣ ≈≈≈≈≈♣♣..###.##......
##P♣♣ ≈≈≈≈≈≈♣♣♣.## ####.#.<..
### ≈w≈≈.. ♣.#######......
♣♣♣.F. ♣....#..#......


You could see a seven-headed hydra (confused) and a swamp worm (confused).


Message History

Confirm with . or Enter, or press ? or * to list all spells.
Your hands begin to glow red.
The swamp worm closely misses you.
You hit the swamp worm but do no damage.
The swamp worm appears confused.
You catch the helpless seven-headed hydra completely off-guard!
You bite the seven-headed hydra, and draw its blood!
You feel better.
You impale the seven-headed hydra!! You bite the seven-headed hydra.
The seven-headed hydra is heavily wounded.
The swamp worm barely misses you.
The seven-headed hydra closely misses you.
The seven-headed hydra misses you. The seven-headed hydra bites you!
* * * LOW HITPOINT WARNING * * *
The seven-headed hydra misses you. The seven-headed hydra bites you!
* * * LOW HITPOINT WARNING * * *
The seven-headed hydra misses you.
The seven-headed hydra completely misses you.
You puncture the seven-headed hydra! You bite the seven-headed hydra.
You draw the seven-headed hydra's blood!
You feel better.
The seven-headed hydra is severely wounded.
The swamp worm misses you.
You hit the seven-headed hydra.
The seven-headed hydra is severely wounded.
The seven-headed hydra bites you but does no damage.
The seven-headed hydra misses you.
The seven-headed hydra completely misses you.
The seven-headed hydra closely misses you.
The seven-headed hydra bites you!
You die...

Skill      XL: |  1  2  3  4  5  6  7  8  9 10 11 12 13 |
---------------+----------------------------------------+-----
Short Blades   | 2 3 4 5 7 8 9 10 11 | 11.1
Stealth        | 5 6 7 9 10 12 13 15 | 15.4
Hexes          | 5 6 7 9 10 11 12 14 | 14.4
Dodging        | 3 4 5 6 7 8 9 11 | 11.3
Fighting       | 1 2 3 4 5 6 |  6.4
Spellcasting   | 3 4 5 6 7 |  7.0

Action                   |  1- 3 |  4- 6 |  7- 9 | 10-12 | 13-15 || total
-------------------------+-------+-------+-------+-------+-------++-------
Melee: Dagger            |    89 |   158 |   343 |       |       ||   590
       Bite              |    10 |    16 |    33 |    73 |     5 ||   137
       Short sword       |       |       |     3 |   509 |    40 ||   552
 Cast: Corona            |    16 |     7 |     1 |     8 |       ||    32
       Ensorcelled Hiber |    16 |    43 |    90 |    81 |     9 ||   239
       Confusing Touch   |     1 |    10 |    28 |    69 |     4 ||   112
       Tukima's Dance    |       |       |     1 |     7 |       ||     8
       Dazzling Flash    |       |       |       |     7 |     1 ||     8
Invok: Shadow Step       |       |       |       |     2 |       ||     2
 Abil: Exsanguinate      |     1 |       |       |       |       ||     1
  Use: Scroll            |     1 |     2 |    10 |    11 |       ||    24
       Potion            |       |       |     1 |       |       ||     1
 Stab: Sleeping          |    18 |    40 |    71 |   102 |     4 ||   235
       Confused          |       |     8 |    29 |    77 |     6 ||   120
       Distracted        |       |       |     1 |       |       ||     1
       Invisible         |       |       |       |     3 |     2 ||     5
Armor: Robe              |    18 |    13 |    30 |       |       ||    61
       Steam dragon scal |       |       |    16 |    47 |    13 ||    76
Dodge: Dodged            |    68 |    97 |   189 |   298 |    43 ||   695

Levels and vault maps discovered:
D:1:      kennysheep_arrival_seaside, layout_rooms, minivault_25,
          minmay_misc_feat_diagonals
D:2:      layout_basic, serial_bayou_lake_a, uniq_natasha
D:3:      layout_loops_ring, minivault_26, kennysheep_cross_bottleneck,
          minmay_ruptured, uniq_grinder
D:4:      layout_loops_ring, minmay_shop_grid_forest,
          amcnicky_mini_rare_corridor_liquid, minmay_unequal
D:5:      layout_basic, minmay_temple_entry_butterflies, portal_sewer_entry_d
D:6:      layout_loops_ring, uniq_blork_the_orc, uniq_maggie, uniq_eustachio
D:7:      layout_basic, basic_altar, gammafunk_ghost_nasty_kobolds,
          serial_corexii_hall, corexii_hall_statues_l, chequers_hall_statues_y,
          corexii_hall_statues_x, chequers_hall_statues_wall_a
D:8:      layout_loops_corners, grunt_temple_overflow_cloverleaf,
          david_lair_generic, uniq_erica, uniq_prince_ribbit1, uniq_grum,
          uniq_pikel
D:9:      minmay_the_grid_octo_tiled_octocenter [minmay_the_grid_octo_toaster,
          minmay_the_grid_octo_tetromino_candy, minmay_the_grid_octo_empty,
          minmay_the_grid_octo_clover, minmay_the_grid_octo_prize_single_spiral,
          minmay_the_grid_square_5x5_minimal, minmay_the_grid_square_5x5_seven,
          minmay_the_grid_square_5x5_inverted_slash,
          minmay_the_grid_square_5x5_shrine2], layout_irregular_city,
          basic_altar, lemuel_centaur_altar
D:10:     layout_cave_pools, uniq_josephine
D:11:     layout_layer_cave, enter_trove_5, uniq_nergalle, uniq_erolcha
Temple:   compressed_dpeg_circular_temple
Lair:1:   layout_long_grid, chequers_serial_rivers_room_b, st_stairs_4,
          dpeg_stationary_puzzle, lemuel_fruit_tree
Lair:2:   layout_chaotic_city, minmay_snake_entry_guardpost_large
Lair:3:   layout_gridlike, palyth_hydra_swamp_entry, uniq_gastronok

Notes
Turn   | Place    | Note
-------+----------+-------------------------------------------
     0 | D:1      | infcreate the Vampire Enchanter began the quest for the
                  | Orb.
     0 | D:1      | Reached XP level 1. HP: 13/13 MP: 3/3
   322 | D:1      | Reached XP level 2. HP: 8/15 MP: 3/5
   325 | D:1      | Learned a level 2 spell: Ensorcelled Hibernation
  1299 | D:2      | Noticed Natasha
  1404 | D:2      | Reached XP level 3. HP: 20/20 MP: 6/6
  1409 | D:2      | Learned a level 3 spell: Confusing Touch
  2077 | D:2      | Killed Natasha
  2078 | D:2      | Reached skill level 2 in Short Blades
  2078 | D:2      | Reached skill level 5 in Stealth
  2107 | D:2      | Reached skill level 5 in Hexes
  2411 | D:3      | Reached XP level 4. HP: 24/24 MP: 7/7
  2478 | D:3      | Reached skill level 3 in Dodging
  3148 | D:3      | Reached skill level 1 in Fighting
  3382 | D:3      | Reached XP level 5. HP: 29/29 MP: 5/8
  3785 | D:3      | Learned a level 3 spell: Tukima's Dance
  3969 | D:3      | Noticed Grinder
  4123 | D:4      | Reached skill level 3 in Short Blades
  4166 | D:4      | Reached skill level 6 in Stealth
  4166 | D:4      | Reached XP level 6. HP: 29/34 MP: 1/9
  4280 | D:4      | Reached skill level 6 in Hexes
  4317 | D:4      | Found Raeram's General Store.
  4750 | D:4      | Reached skill level 4 in Dodging
  5002 | D:4      | Reached XP level 7. HP: 21/39 MP: 5/11
  5647 | D:3      | Killed Grinder
  5648 | D:3      | Reached skill level 2 in Fighting
  5648 | D:3      | Reached skill level 4 in Short Blades
  5648 | D:3      | Reached skill level 7 in Stealth
  5648 | D:3      | Reached skill level 3 in Spellcasting
  5648 | D:3      | Reached skill level 7 in Hexes
  5745 | D:5      | Entered Level 5 of the Dungeon
  6039 | D:5      | Found a staircase to the Ecumenical Temple.
  6097 | D:5      | Reached skill level 5 in Dodging
  6146 | Temple   | Entered the Ecumenical Temple
  6274 | Temple   | Became a worshipper of Dithmenos the Shadowed
  6317 | D:5      | Reached XP level 8. HP: 45/45 MP: 12/12
  6430 | D:5      | Found a glowing drain.
  6603 | D:5      | Reached skill level 8 in Stealth
  7159 | D:5      | Reached skill level 5 in Short Blades
  7283 | D:6      | Reached skill level 8 in Hexes
  7580 | D:6      | Noticed Eustachio
  7597 | D:5      | Killed Eustachio
  7597 | D:5      | Reached * piety under Dithmenos
  7645 | D:5      | Reached skill level 9 in Stealth
  7692 | D:6      | Reached skill level 3 in Fighting
  7692 | D:6      | Reached skill level 6 in Dodging
  7782 | D:6      | Noticed Maggie
  7951 | D:6      | Killed Maggie
  7952 | D:6      | Reached skill level 4 in Spellcasting
  7952 | D:6      | Reached skill level 9 in Hexes
  7952 | D:6      | Reached XP level 9. HP: 50/50 MP: 6/15
  8211 | D:6      | Noticed Blork the orc
  8215 | D:6      | Killed Blork the orc
  8298 | D:6      | Reached skill level 6 in Short Blades
  9251 | D:7      | Reached ** piety under Dithmenos
  9303 | D:7      | Reached skill level 10 in Stealth
  9368 | D:7      | Found a runed translucent gate.
  9369 | D:7      | Found a runed translucent gate.
  9369 | D:7      | Identified the +0 short sword of Qiubluij {pain, +Inv
                  | Dex+2}
  9370 | D:7      | Found a runed translucent gate.
  9371 | D:7      | Noticed superiop's ghost (novice TrBe)
  9376 | D:7      | Found a blossoming altar of Fedhas.
  9699 | D:7      | Reached skill level 7 in Dodging
 10046 | D:8      | Found a staircase to the Lair.
 10046 | D:8      | Noticed an elephant
 10059 | D:8      | Noticed Pikel
 10079 | D:8      | Killed Pikel
 10080 | D:8      | Reached skill level 7 in Short Blades
 10080 | D:8      | Reached skill level 10 in Hexes
 10184 | D:8      | Noticed Grum
 10189 | D:8      | Reached XP level 10. HP: 56/56 MP: 16/16
 10191 | D:8      | Killed Grum
 10194 | D:8      | Reached skill level 4 in Fighting
 10303 | D:8      | Found an ancient bone altar of Kikubaaqudgha.
 10306 | D:8      | Found a broken altar of Ashenzari.
 10309 | D:8      | Found a shimmering altar of Xom.
 10312 | D:8      | Found a basalt altar of Yredelemnul.
 10381 | D:8      | Identified a +1 robe of resistance
 10381 | D:8      | Noticed Erica
 10388 | D:8      | Killed Erica
 10389 | D:8      | Reached skill level 11 in Stealth
 10474 | D:8      | Noticed Prince Ribbit
 10479 | D:8      | Killed Prince Ribbit
 10729 | D:8      | Reached skill level 8 in Dodging
 10788 | D:8      | Reached skill level 5 in Spellcasting
 10797 | D:8      | Reached skill level 11 in Hexes
 11104 | D:8      | Killed an elephant
 11134 | D:8      | Reached *** piety under Dithmenos
 11142 | D:8      | Reached skill level 8 in Short Blades
 11219 | D:9      | Found an opulent altar of Gozag.
 11261 | D:9      | Reached skill level 12 in Stealth
 11445 | D:9      | Noticed a two-headed ogre
 11457 | D:9      | Killed a two-headed ogre
 11458 | D:9      | Reached XP level 11. HP: 62/62 MP: 9/19
 12057 | D:9      | Found an iron altar of Okawaru.
 12438 | D:9      | Noticed a two-headed ogre
 12472 | D:9      | Reached **** piety under Dithmenos
 12984 | D:9      | Killed a two-headed ogre
 13064 | D:9      | Reached skill level 9 in Dodging
 13092 | D:10     | Entered Level 10 of the Dungeon
 13169 | D:10     | Reached skill level 12 in Hexes
 13174 | D:10     | Reached skill level 5 in Fighting
 13398 | D:10     | Reached skill level 9 in Short Blades
 13566 | D:10     | Reached skill level 13 in Stealth
 13798 | D:10     | Noticed Josephine
 13805 | D:10     | Learned a level 3 spell: Dazzling Flash
 13848 | D:9      | Killed Josephine
 14379 | D:11     | Noticed a boulder beetle
 14570 | D:11     | Killed a boulder beetle
 14688 | D:11     | Noticed Nergalle
 14696 | D:11     | Killed Nergalle
 14697 | D:11     | Reached skill level 6 in Spellcasting
 14727 | D:11     | Noticed a vault guard
 14739 | D:11     | Killed a vault guard
 14892 | D:11     | Found a portal to a secret trove of treasure.
 15282 | D:11     | Reached XP level 12. HP: 65/68 MP: 11/21
 15288 | D:11     | Reached skill level 10 in Dodging
 15428 | D:11     | Noticed Erolcha
 15435 | D:11     | Killed Erolcha
 15436 | D:11     | Reached skill level 13 in Hexes
 15802 | D:11     | Reached skill level 14 in Stealth
 16108 | Lair:1   | Entered Level 1 of the Lair of Beasts
 16166 | Lair:1   | Reached skill level 10 in Short Blades
 16449 | Lair:1   | Reached ***** piety under Dithmenos
 16758 | Lair:1   | Reached skill level 6 in Fighting
 17237 | Lair:2   | Learned a level 4 spell: Fulminant Prism
 17291 | Lair:2   | Found a staircase to the Snake Pit.
 17501 | Lair:2   | Reached skill level 14 in Hexes
 17544 | Lair:2   | Reached skill level 15 in Stealth
 17819 | Lair:2   | Reached skill level 11 in Dodging
 18148 | Lair:3   | Noticed Gastronok
 18262 | Lair:3   | Noticed a six-headed hydra
 18266 | Lair:3   | Killed a six-headed hydra
 18537 | Lair:3   | Reached XP level 13. HP: 75/75 MP: 23/23
 18742 | Lair:3   | Reached skill level 11 in Short Blades
 18792 | Lair:3   | Killed Gastronok
 18793 | Lair:3   | Reached skill level 7 in Spellcasting
 18800 | Lair:3   | HP: 5/75 [seven-headed hydra (10)]
 18802 | Lair:3   | Slain by a seven-headed hydra

Vanquished Creatures
  Gastronok (Lair:3)
  Erolcha (D:11)
  Josephine (D:9)
  A hydra (Lair:3)
  A boulder beetle (D:11)
  A vault guard (D:11)
  Erica (D:8)
  A two-headed ogre (D:9)
  Nergalle (D:11)
  Pikel (D:8)
  An ugly thing (D:11)
  An elephant (D:8)
  A black mamba (Lair:1)
  9 cane toads
  A rime drake (Lair:1)
  Maggie (D:6)
  7 komodo dragons
  A polar bear (Lair:3)
  Prince Ribbit (D:8)
  Grinder (D:3)
  3 blink frogs (Lair:3)
  A shadow (D:11)
  41 yaks
  A vampire (D:9)
  5 wraiths
  2 basilisks (D:8)
  Eustachio (D:5)
  A wyvern (D:10)
  Grum (D:8)
  A steam dragon (Lair:3)
  A soldier ant (D:9)
  2 water moccasins (Lair:1)
  5 nagas (Lair:2)
  3 orc warriors
  2 ice beasts
  4 phantoms
  A necrophage (D:8)
  4 sky beasts
  4 ogres
  8 wolves
  An eye of draining (D:9)
  7 centaurs
  A lemure (D:8)
  Blork the orc (D:6)
  9 bullfrogs
  A gnoll sergeant (D:11)
  A wyvern zombie (D:9)
  A wyvern skeleton (D:9)
  2 scorpions
  2 electric eels (Lair:1)
  8 wights
  5 howler monkeys
  4 bullfrog zombies
  2 centaur zombies
  2 quasits (D:10)
  4 jellies
  A gnoll shaman (D:9)
  3 centaur skeletons
  6 hounds
  12 orc priests
  5 orc wizards
  5 iguanas
  Natasha (D:2)
  10 worker ants
  3 hound skeletons
  A howler monkey zombie (D:11)
  10 gnolls
  A howler monkey skeleton (D:5)
  9 adders
  2 shadow imps
  2 white imps
  3 ufetubi
  2 adder skeletons
  3 worms
  6 dart slugs
  7 leopard geckos
  39 orcs
  2 ball pythons
  8 giant cockroaches
  8 goblins
  8 hobgoblins
  13 jackals
  7 quokkas
  6 bats
  7 frilled lizards
  7 kobolds
  A leopard gecko skeleton (D:4)
  A quokka skeleton (D:4)
  4 rats
  2 butterflies (D:5)
381 creatures vanquished.

Vanquished Creatures (collateral kills)
  A two-headed ogre (D:9)
  2 ogres
3 creatures vanquished.

Vanquished Creatures (others)
  2 dancing weapons
  10 fungi
  5 plants
17 creatures vanquished.

Grand Total: 401 creatures vanquished

Table legend: (Time is in decaauts)
 A = Elapsed time spent in this place.
 B = Non-inter-level travel time spent in this place.
 C = Inter-level travel time spent in this place.
 D = Time resting spent in this place.
 E = Time spent auto-exploring this place.
 F = Levels seen in this place.
 G = Mean time per level.
                   A        B        C        D        E       F      G
               +--------+--------+--------+--------+--------+-----+--------+
         Total |  18570 |  17855 |    715 |    944 |  12849 |  15 | 1238.0 |
       Dungeon |  15951 |  15337 |    614 |    862 |  10934 |  11 | 1450.1 |
        Temple |    137 |    129 |      8 |      0 |    123 |   1 |  137.0 |
          Lair |   2480 |   2387 |     93 |     82 |   1792 |   3 |  826.7 |
               +--------+--------+--------+--------+--------+-----+--------+

Top non-repeatable levels by time:
     D:9: 2476 daAuts
     D:3: 1905 daAuts
     D:5: 1730 daAuts
    D:11: 1463 daAuts
     D:4: 1431 daAuts
     D:8: 1379 daAuts
     D:6: 1366 daAuts
     D:1: 1305 daAuts
     D:2: 1095 daAuts
     D:7: 924 daAuts
  Lair:2: 920 daAuts
  Lair:1: 881 daAuts
    D:10: 874 daAuts
  Lair:3: 678 daAuts
  Temple: 137 daAuts

Table legend:
 A = Non-vault XP
 B = Vault XP
 C = Vault XP percentage of total XP
 D = Non-vault monster count
 E = Vault monster count
 F = Vault count percentage of total count
                 A         B        C        D         E       F
            +---------+---------+-------+---------+---------+-------
      Total |   27196 |   15110 |  35.7 |     318 |      63 |  16.5
            +---------+---------+-------+---------+---------+-------
        D:1 |      39 |       0 |   0.0 |      20 |       0 |   0.0
        D:2 |      19 |      33 |  63.5 |      10 |       1 |   9.1
        D:3 |     237 |     291 |  55.1 |      32 |       5 |  13.5
        D:4 |     495 |      77 |  13.5 |      19 |       4 |  17.4
        D:5 |     883 |     204 |  18.8 |      37 |       2 |   5.1
        D:6 |     780 |     456 |  36.9 |      23 |       2 |   8.0
        D:7 |    1172 |       0 |   0.0 |      33 |       0 |   0.0
        D:8 |    1206 |    3462 |  74.2 |      24 |      11 |  31.4
        D:9 |    2368 |    3718 |  61.1 |      18 |      24 |  57.1
       D:10 |    3078 |     205 |   6.2 |      22 |       1 |   4.3
       D:11 |    3139 |    2828 |  47.4 |      28 |       3 |   9.7
     Lair:1 |    7091 |     485 |   6.4 |      28 |       3 |   9.7
     Lair:2 |    2942 |     709 |  19.4 |      12 |       5 |  29.4
     Lair:3 |    3747 |    2642 |  41.4 |      12 |       2 |  14.3
            +---------+---------+-------+---------+---------+-------
